Map: Lerilak Crest

Players

LiquidSnute (Snute) - Winner!

  • Race: Zerg Zerg
  • League: Grandmaster

PengWin

  • Race: Zerg Zerg

Event: DreamHack ZOWIE Open Leipzig

VOD

Have the link to the VOD?

Description

Time

  • Played on: Jan. 22, 2016, 7:29 a.m.
  • Length: 4:36

All games in this series

Show
View Real Time Build Order
Export as new Build Order

LiquidSnute Zerg - Winner!

Build Orders: Pool First, Zergling Baneling 

Get SALT Encoding   

  12  0:00  Drone  
  13  0:12  Overlord  
  13  0:17  Drone  
  14  0:30  Drone x2  
  14  0:34  Drone  
  17  0:37  Extractor  
  16  0:45  Drone  
  17  0:50  Spawning Pool  
  17  0:55  Drone  
  17  1:16  Hatchery  
  16  1:19  Drone  
  17  1:37  Queen  
  17  1:38  Metabolic Boost  
  19  1:41  Zergling x2  
  19  1:46  Zergling x2  
  21  1:57  Baneling Nest  
  21  2:00  Overlord  
  20  2:12  Queen  
  22  2:20  Zergling x4  
  24  2:23  Zergling x2  
  24  2:29  Zergling x2  
  26  2:30  Zergling x2  
  27  2:41  Baneling x3  
  27  2:44  Zergling x4  
  27  2:55  Baneling  
  27  2:58  Zergling x6  
  26  3:03  Baneling  
  25  3:08  Zergling x4  
  25  3:10  Baneling  
  26  3:22  Baneling  
  26  3:24  Queen  
  26  3:32  Queen  
  27  3:37  Zergling x2  
  26  3:49  Zergling x6  
  29  3:56  Baneling  
  29  3:57  Baneling  
  29  4:07  Baneling  
Show
View Real Time Build Order
Export as new Build Order

PengWin Zerg 

Build Orders: Pool Only, Zergling Baneling 

Get SALT Encoding   

  12  0:04  Drone  
  13  0:22  Spawning Pool  
  13  0:26  Extractor  
  11  0:31  Drone  
  11  0:33  Drone  
  13  0:38  Drone  
  14  0:48  Overlord  
  14  1:08  Queen  
  14  1:09  Zergling x2  
  14  1:11  Zergling x2  
  18  1:16  Zergling x2  
  19  1:26  Metabolic Boost  
  19  1:30  Zergling x2  
  20  1:35  Zergling x2  
  21  1:47  Baneling Nest  
  21  1:53  Overlord  
  20  1:59  Zergling x2  
  21  2:17  Zergling x6  
  24  2:24  Zergling x4  
  26  2:32  Baneling  
  26  2:33  Baneling x2  
  26  2:37  Drone  
  22  3:07  Zergling x8  
  22  3:10  Baneling x2  
  24  3:17  Zergling x2  
  21  3:29  Zergling x2  
  22  3:37  Zergling x2  
  22  3:48  Zergling x6  
  22  3:54  Baneling x3  
  22  3:55  Baneling x4  
  24  3:56  Zergling x2  

Tags
 
Add a new tag
Caveats
  • Supply blocks, unpowered buildings, or Contaminate may cause inaccurate times.
  • Supply counts are checked every 10 seconds.